 Dungeon Crawl Stone Soup version 0.20.1-1-g8b1a95d (webtiles) character file.

83 Ijustatesigmund the Skirmisher (level 4, -5/32 HPs)
             Began as an Octopode Fighter on Sept 25, 2017.
             Killed by nerve-wracking pain
             ... invoked by an orc priest
              (12 damage)
             ... on level 3 of the Dungeon.
             The game lasted 00:03:45 (1706 turns).

Ijustatesigmund the Skirmisher (Octopode Fighter)   Turns: 1706, Time: 00:03:46

Health: -5/32      AC:  1    Str: 18 (20) XL:     4   Next: 44%
Magic:  13/13      EV: 11    Int:  9 (10) God:
Gold:   197        SH:  9    Dex: 11 (12) Spells: 3/3 levels left

rFire    + . .     SeeInvis .   a - +1 flail
rCold    + . .     Gourm    .   b - +0 shield
rNeg     . . .     Faith    .   (helmet restricted)
rPois    +         Spirit   .   (no amulet)
rElec    +         Reflect  .   i - ring of magical power
rCorr    +         Harm     .   (no ring)
MR       .....                  (no ring)
Stlth    +++.......             (no ring)
Regen    0.1/turn               (no ring)
MPRegen  0.2/turn               (no ring)
                                (no ring)
                                (no ring)

@: mighty, resistant
A: almost no armour, stealthy swim, amphibious, 8 rings, constrict 8, camouflage
1, gelatinous body 1
a: no special abilities


You were on level 3 of the Dungeon.
You were not hungry.

You visited 1 branch of the dungeon, and saw 3 of its levels.

You collected 197 gold pieces.

Inventory:

Hand Weapons
 a - a +1 flail (weapon)
Armour
 b - a +0 shield (worn)
Jewellery
 i - a ring of magical power (left tentacle)
Wands
 c - a wand of lightning (3/15)
Scrolls
 l - a scroll of fear {unknown}
Potions
 e - a potion of lignification
 g - a potion of brilliance
 j - a potion of curing {unknown}
 k - a potion of heal wounds {unknown}
 m - a potion of flight {unknown}
Comestibles
 d - 4 bread rations
 f - 2 fruits


   Skills:
 + Level 3.6 Fighting
 * Level 3.4 Maces & Flails
 - Level 3.0 Dodging
 + Level 3.6 Shields


You had 3 spell levels left.
You didn't know any spells.

Dungeon Overview and Level Annotations

Branches:
Dungeon (3/15)

Altars:
Ashenzari
Ru

Annotations:
D:3 1 transporter


Innate Abilities, Weirdness & Mutations

You cannot wear most types of armour.
You are very stealthy in the water. (Stealth+)
You are amphibious.
You can wear up to eight rings at the same time.
You can use your tentacles to constrict eight enemies at once.
Your skin changes colour to match your surroundings (Stealth+).
Your rubbery body absorbs attacks. (AC +1, EV +1)


Message History

Evoking this partially-identified wand wasted a few charges.
The shadow imp lashes its tail.
You block the shadow imp's attack.
The orc priest hits you with a hand axe.
You closely miss the orc priest. You grab the orc priest.
The orc priest is moderately wounded.
You constrict the orc priest, but do no damage.
You block the shadow imp's attack.
The orc priest hits you with a hand axe!
The shadow imp gestures at you. Pain shoots through your body!
It was a potion of resistance.
You feel protected.
You constrict the orc priest, but do no damage.
The shadow imp gestures at you. Pain shoots through your body!
* * * LOW HITPOINT WARNING * * *
The orc priest invokes the aid of Beogh against you.
Pain shoots through your body!
You die...

########......
.............#
############.#
#$.....5#P8#.# ####
.#P.#≈≈≈≈≈≈≈#.P#.###....
..#$.#..≈≈≈..#..#........
..#©?+..≈♣≈..'..#©.......
..#$.#..≈≈≈..#..#......##
#.#P.#≈≈≈≈≈≈@#.P#.#......
#.#8P#....5o5#P8#.##.....
#.###############.# .....
..................# ....
........########### ...
..........######### ....
..................##..
.#....................
##............†......


You could see an orc priest and 3 shadow imps.

Vanquished Creatures
  Jessica (D:2)
  3 adders
  A dart slug (D:1)
  A leopard gecko (D:1)
  A ball python (D:2)
  3 bats
  8 goblins
  4 hobgoblins
  A kobold (D:2)
  A quokka (D:2)
  2 frilled lizards
  4 rats
30 creatures vanquished.

Notes
Turn   | Place    | Note
-------+----------+-------------------------------------------
     0 | D:1      | Ijustatesigmund the Octopode Fighter began the quest for the Orb.
     0 | D:1      | Reached XP level 1. HP: 16/16 MP: 1/1
   256 | D:1      | Reached XP level 2. HP: 16/21 MP: 2/2
   857 | D:2      | Found a sacrificial altar of Ru.
   863 | D:2      | Noticed Jessica
   870 | D:2      | Killed Jessica
   870 | D:2      | Reached XP level 3. HP: 25/26 MP: 3/3
   975 | D:2      | Reached XP level 4. HP: 26/31 MP: 4/4
  1617 | D:2      | Found a shattered altar of Ashenzari.
  1677 | D:3      | Found a transporter.
  1681 | D:3      | Found a transporter.
  1706 | D:3      | Killed from afar by an orc priest

Skill      XL: |  1  2 |
---------------+-------+-----
Maces & Flails | 3 |  3.4
Fighting       | |  3.6
Dodging        | |  3.0
Shields        | |  3.6

Action                   |  1- 3 |  4- 6 || total
-------------------------+-------+-------++-------
Melee: Flail             |    38 |    15 ||    53
       Constrict         |     9 |     4 ||    13
       Tentacles         |     4 |     3 ||     7
Evoke: Wand              |       |     2 ||     2
  Use: Scroll            |     3 |     2 ||     5
       Potion            |     1 |     2 ||     3
 Stab: Sleeping          |     1 |     2 ||     3
  Eat: Chunk             |       |     2 ||     2
Armor: Skin              |     1 |       ||     1
Dodge: Dodged            |    16 |     1 ||    17
Block: Shield            |    20 |     7 ||    27
